 Dungeon Crawl Stone Soup version 0.26.1-10-gdfb7c7de75 (webtiles) character file.

Game seed: 603367862325480824

46 MajorAdolf the Stinger (level 3, 0/28 HPs)
             Began as a Naga Venom Mage on Apr 3, 2021.
             Slain by a jackal (1 damage)
             ... on level 1 of the Dungeon.
             The game lasted 00:02:56 (2789 turns).

MajorAdolf the Stinger (Naga Venom Mage)            Turns: 2789, Time: 00:02:56

Health: 0/28       AC:  2    Str: 10    XL:     3   Next: 66%
Magic:  0/6        EV: 10    Int: 16    God:
Gold:   36         SH:  0    Dex: 11    Spells: 3/6 levels left

rFire    . . .     SeeInvis +   (no weapon)
rCold    . . .     Faith    .   (no shield)
rNeg     . . .     Spirit   .   a - +0 robe
rPois    +         Reflect  .   (no helmet)
rElec    .         Harm     .   (no cloak)
rCorr    .         Rampage  .   (no gloves)
Will     .....                  (no barding)
Stlth    ++........             (no amulet)
HPRegen  0.09/turn              (no ring)
MPRegen  0.10/turn              (no ring)

@: very slow
A: large, see invisible, deformed body, poison resistance, slowness 2, spit
poison 1, AC +1
a: Spit Poison


You were on level 1 of the Dungeon.
You visited 1 branch of the dungeon, and saw 2 of its levels.

You collected 36 gold pieces.

Inventory:

Armour
 a - a +0 robe (worn)
Jewellery
 g - an uncursed ring of ice {unknown}
Scrolls
 b - a scroll of identify {unknown}
 c - a scroll of remove curse {unknown}
 d - 2 scrolls of amnesia {unknown}
Potions
 e - a potion of curing {unknown}
 f - a potion of flight {unknown}


   Skills:
 - Level 1.8 Dodging
 - Level 3.0 Stealth
 + Level 2.4 Spellcasting
 + Level 1.7 Transmutations
 + Level 5.0 Poison Magic


You had 3 spell levels left.
You knew the following spells:

 Your Spells              Type           Power        Failure   Level
a - Sting                 Tmut/Pois      48%          4%          1
b - Poisonous Vapours     Pois/Air       20%          11%         2

Your spell library contained the following spells:

 Spells                   Type           Power        Failure   Level
 Ignite Poison            Fire/Tmut/Pois 9%           24%         3
 Mephitic Cloud           Conj/Pois/Air  7%           30%         3
 Olgreb's Toxic Radiance  Pois           18%          26%         4


Dungeon Overview and Level Annotations

Branches:
Dungeon (2/15)

Altars:


Innate Abilities, Weirdness & Mutations

You cannot wear boots.
Your serpentine skin is tough. (AC +1)
You have supernaturally acute eyesight. (SInv)
Armour fits poorly on your strangely shaped body.
Your system is resistant to poisons. (rPois)
You cover ground very slowly.
You can spit poison.


Message History

Press: ? - help, Shift-Dir - straight line, f - jackal
Aim: a jackal (36% to evade)
The sting hits the jackal.
The jackal is poisoned.
The jackal is moderately wounded.
The jackal closely misses you. The jackal bites you.
* * * LOW HITPOINT WARNING * * *
You kill the jackal!
The jackal barely misses you. The jackal bites you.
* * * LOW HITPOINT WARNING * * *
The jackal barely misses you.
Casting: Sting (safe; 4% risk of failure)
Confirm with . or Enter, or press ? or * to list all spells.
Aiming: Sting (safe; 4% risk of failure)
Press: ? - help, Shift-Dir - straight line, f - jackal
Aim: a jackal (36% to evade)
The sting hits the jackal but does no damage.
The jackal is poisoned.
The jackal closely misses you. The jackal bites you.
You die...

### ###
#########.######.#####
#.......#..@hgr......#
#.#####.#.######.#####
#.#........# #†#
#.#.###.#..# #g#
#.#.#.#.#..#####r#
#.#.#.#.#..g.r...#
#.#.#.#.#...##########
#.#.#.#.#..h.h†rg....#
#.#.#.#.#.#########.##


You could see a jackal (poisoned), a hobgoblin and a rat.

Vanquished Creatures
  A gnoll (D:1)
  An ooze (D:2)
  A giant cockroach (D:1)
  2 goblins (D:1)
  3 hobgoblins (D:1)
  5 jackals (D:1)
  7 bats (D:1)
  2 frilled lizards (D:1)
  5 kobolds (D:1)
  5 rats (D:1)
32 creatures vanquished.

Notes
Turn   | Place    | Note
-------+----------+-------------------------------------------
     0 | D:1      | MajorAdolf the Naga Venom Mage began the quest for the Orb.
     0 | D:1      | Reached XP level 1. HP: 15/15 MP: 3/3
   513 | D:1      | Reached XP level 2. HP: 21/22 MP: 3/5
  1039 | D:1      | Learned a level 2 spell: Poisonous Vapours
  1043 | D:1      | Reached XP level 3. HP: 28/28 MP: 4/6
  2418 | D:2      | Reached skill level 5 in Poison Magic
  2786 | D:1      | HP: 1/28 [jackal (2)]
  2789 | D:1      | Slain by a jackal

Illustrated notes

Levels and vault maps discovered:
D:1:      heliophobic_arrival_glass_houses, layout_basic
D:2:      layout_basic, uniq_crazy_yiuf_cottage, uniq_terence, uniq_jessica

Skill      XL: |  1  2  3 |
---------------+----------+-----
Poison Magic   | 5 |  5.0
Dodging        | |  1.8
Stealth        | |  3.0
Spellcasting   | |  2.4
Transmutations | |  1.7

Action                   || total
-------------------------++-------
Melee: Unarmed           ||    18
 Cast: Sting             ||    25
       Poisonous Vapours ||    20
 Abil: Spit Poison       ||     3
Armor: Robe              ||    25
Dodge: Dodged            ||    45
